 Dungeon Crawl Stone Soup version 0.22-a0-305-gd21a89c (webtiles) character file.

253068 grindst0ne the Martial Artist (level 20, 0/135 HPs)
             Began as a Gnoll Transmuter on Mar 29, 2018.
             Was the Champion of Ru.
             Shot with a sling bullet by a satyr (32 damage)
             ... on level 3 of the Shoals.
             The game lasted 02:57:22 (47225 turns).

grindst0ne the Martial Artist (Gnoll Transmuter)   Turns: 47225, Time: 02:57:22

Health: 0/135      AC: 16    Str:  9    XL:     20   Next: 14%
Magic:  5/36       EV: 20    Int: 25    God:    Ru [******]
Gold:   1853       SH:  3    Dex: 20    Spells: 11/43 levels left

rFire    . . .     SeeInvis .     - Unarmed
rCold    + . .     Gourm    .   (shield currently unavailable)
rNeg     . . .     Faith    .   Q - +4 troll leather armour
rPois    +         Spirit   .   E - +2 hat {MR+}
rElec    .         Reflect  +   z - +2 cloak {MR+}
rCorr    .         Harm     .   (gloves currently unavailable)
MR       +++..                  L - +0 pair of boots
Stlth    +++++.....             y - +3 amulet of reflection
HPRegen  1.72/turn              u - ring of Naathrox {Wiz rPois Str-5 Int+6}
MPRegen  0.25/turn              R - ring of protection from cold

@: lethally poisoned (0 -> 0), exhausted, blade hands, very slightly
contaminated, regenerating, drained
A: distributed training, fangs 1, frail 1, inability to use devices, unskilled
1, strong nose
}: 1/15 runes: gossamer
a: End Transformation, Draw Out Power, Power Leap, Apocalypse, Renounce Religion


You were on level 3 of the Shoals.
You worshipped Ru.
Ru was exalted by your worship.
You were hungry.
You had blades for hands.
You visited 6 branches of the dungeon, and saw 31 of its levels.
You also visited: Labyrinth and Ice Cave.

You collected 3466 gold pieces.
You spent 1613 gold pieces at shops.

Inventory:

Missiles
 j - 15 arrows
Armour
 z - a +2 cloak of magic resistance (worn)
 E - a +2 hat of magic resistance (worn)
 K - a +0 pair of gloves (melded)
 L - a +0 pair of boots (worn)
 Q - a +4 troll leather armour (worn)
 S - the +0 cloak of Ziwom {rElec rF- rC- MR+++}
   (You found it on level 15 of the Dungeon)

   It makes you vulnerable to fire.
   It makes you vulnerable to cold.
   It insulates you from electricity.
   It affects your resistance to hostile enchantments.
Magical Staves
 O - an uncursed staff of wizardry (melded)
Jewellery
 h - the ring "Uluem" {rCorr rF++}
   (You took it off a naga mage on level 15 of the Dungeon)

   [ring of resist corrosion]

   It greatly protects you from fire.
 u - the ring of Naathrox (left scythe-like blade) {Wiz rPois Str-5 Int+6}
   (You found it on level 2 of the Lair of Beasts)

   [ring of wizardry]

   It improves your spell success rate.
   It affects your strength (-5).
   It affects your intelligence (+6).
   It protects you from poison.
 w - the ring of the Will of the Gods {Wiz rF+ Str+4 Dex+6}
   (You found it on level 15 of the Dungeon)

   [ring of wizardry]

   It improves your spell success rate.
   It affects your strength (+4).
   It affects your dexterity (+6).
   It protects you from fire.
 y - a +3 amulet of reflection (around neck)
 A - the ring "Gokhid" {rElec rN+ Stlth-}
   (You found it on level 6 of the Lair of Beasts)

   [ring of loudness]

   It insulates you from electricity.
   It protects you from negative energy.
   It makes you less stealthy.
 J - the ring "Zupoh" {Fire rElec rPois rN+++ Int-4}
   (You found it on level 15 of the Dungeon)

   [ring of fire]

   It enhances your fire magic.
   It affects your intelligence (-4).
   It protects you from fire.
   It makes you vulnerable to cold.
   It insulates you from electricity.
   It protects you from poison.
   It renders you almost immune to negative energy.
 P - the ring "Dupeusk" {+Fly rElec rF+ MR+ Slay-4}
   (You found it on level 15 of the Dungeon)

   [ring of flight]

   It affects your accuracy and damage with ranged weapons and melee attacks
   (-4).
   It protects you from fire.
   It insulates you from electricity.
   It affects your resistance to hostile enchantments.
   It lets you fly.
 R - a ring of protection from cold (right scythe-like blade)
Scrolls
 a - 3 scrolls of holy word
 c - 7 scrolls of fear
 f - 15 scrolls of remove curse
 m - 10 scrolls of enchant weapon
 p - 3 scrolls of magic mapping
 r - 5 scrolls of amnesia
 s - 15 scrolls of teleportation
 v - 7 scrolls of blinking
 D - a scroll of summoning
 G - 3 scrolls of enchant armour
 H - 4 scrolls of fog
Potions
 b - 2 potions of berserk rage
 e - 5 potions of haste
 g - 7 potions of curing
 i - 2 potions of resistance
 l - 2 potions of brilliance
 o - a potion of cancellation
 q - 4 potions of heal wounds
 t - 5 potions of ambrosia
 x - 2 potions of might
 B - 4 potions of invisibility
 C - 2 potions of flight
 I - a potion of agility
Comestibles
 d - 49 rations
 k - 3 chunks of flesh


   Skills:
 + Level 11.4(10.3) Fighting
 + Level 11.2(10.1) Short Blades
 + Level 11.2(10.1) Long Blades
 + Level 11.2(10.1) Axes
 + Level 11.2(10.1) Maces & Flails
 + Level 11.2(10.1) Polearms
 + Level 11.2(10.1) Staves
 + Level 11.2(10.1) Slings
 + Level 11.2(10.1) Bows
 + Level 11.2(10.1) Crossbows
 + Level 11.2(10.1) Throwing
 + Level 11.2(10.1) Armour
 + Level 11.9(10.7) Dodging
 + Level 11.2(10.1) Stealth
 + Level 11.2(10.1) Shields
 + Level 12.5(11.3) Unarmed Combat
 + Level 12.0(10.8) Spellcasting
 + Level 9.6(8.4) Conjurations
 + Level 9.6(8.4) Hexes
 + Level 9.6(8.4) Charms
 + Level 9.6(8.4) Summonings
 + Level 9.6(8.4) Necromancy
 + Level 9.6(8.4) Translocations
 + Level 10.2(9.0) Transmutations
 + Level 9.6(8.4) Fire Magic
 + Level 9.6(8.4) Ice Magic
 + Level 9.6(8.4) Air Magic
 + Level 9.6(8.4) Earth Magic
 + Level 9.6(8.4) Poison Magic
 + Level 12.1(10.9) Invocations
   Level 0.0 Evocations


You had 11 spell levels left.
You knew the following spells:

 Your Spells              Type           Power        Failure   Level  Hunger
a - Regeneration          Chrm/Necr      ######....   4%          3    None
b - Summon Mana Viper     Hex/Summ       ######..     13%         5    ####...
c - Spider Form           Tmut/Pois      ######....   4%          3    None
d - Blade Hands           Tmut           ######....   12%         5    ####...
e - Ice Form              Ice/Tmut       ######..     8%          4    None
f - Ozocubu's Armour      Chrm/Ice       ######..     4%          3    None
g - Summon Lightning Spi  Summ/Air       ######..     8%          4    None
h - Yara's Violent Unrav  Hex/Tmut       ######....   12%         5    ####...


Dungeon Overview and Level Annotations

Branches:
Dungeon (15/15)            Temple (1/1) D:6            Lair (6/6) D:10
 Shoals (3/4) Lair:2       Spider (4/4) Lair:3        Slime (0/5) Lair:6
    Orc (2/2) D:9             Elf (0/3) Orc:2        Vaults (0/5) D:13
 Depths (0/5) D:15

Altars:
Ashenzari
Cheibriados
Dithmenos
Elyvilon
Fedhas
Gozag
Hepliaklqana
Kikubaaqudgha
Makhleb
Nemelex Xobeh
Okawaru
Qazlal
Ru
Sif Muna
Trog
Uskayaw
Vehumet
Wu Jian
Xom
Yredelemnul
Zin
The Shining One
Jiyva

Shops:
D:5 =   D:7 [   D:12 }}   Orc:2 *[%}??((?   Shoals:1 %

Portals:
Hell: Lair:6

Annotations:
D:3 exclusion: downstairs
D:11 exclusion: downstairs


Innate Abilities, Weirdness & Mutations

Your experience applies equally to all skills.
You have very sharp teeth.
You are frail. (-10% HP)
You cannot study or use magical devices.
You are somewhat unskilled. (-1 Apt)
Your uncanny sense of smell can sniff out nearby items.


Message History

Your lightning spire shoots out a bolt of lightning at the alligator snapping turtle!
The bolt of electricity hits the alligator snapping turtle.
A javelin appears from out of your range of vision.
The javelin hits your lightning spire.
You see here a sling bullet.
You feel sick.
Your lightning spire disappears in a puff of smoke!
The satyr shoots a sling bullet.
The sling bullet hits you! The sling bullet freezes you.
You see here a sling bullet.
The satyr shoots a sling bullet.
The sling bullet hits you!!
* * * LOW HITPOINT WARNING * * *
The sling bullet freezes you.
* * * LOW HITPOINT WARNING * * *
You see here a sling bullet.
The satyr shoots a sling bullet.
The sling bullet closely misses you.
You feel much better.
You feel sick.
The satyr begins to cast a spell, but is stunned by your will!
The satyr shoots a sling bullet.
The sling bullet hits you!!
You die...

≈≈≈≈≈≈≈≈..≈.......≈≈≈≈≈≈≈≈≈≈≈
≈≈≈≈≈≈≈≈≈≈....##....≈≈≈≈≈≈≈≈≈
≈≈≈≈≈≈≈≈≈≈....###.....≈≈≈≈≈≈≈
≈≈≈≈≈≈≈≈≈≈≈......##.....≈≈≈≈≈
≈≈≈≈≈≈≈≈≈≈≈...≈..###...≈≈≈≈≈≈
≈≈≈≈≈≈≈≈≈≈≈.......##..≈≈≈≈≈≈≈
≈≈≈≈≈≈≈≈≈≈.......###.≈≈≈≈≈≈≈
≈≈≈≈≈≈≈≈≈≈≈≈≈≈....##..≈≈≈≈≈≈≈
≈≈≈≈≈≈≈≈≈≈≈..≈..@##(..≈≈≈≈≈≈≈
≈≈≈≈≈≈≈≈≈≈......##.(...≈≈≈≈≈≈
≈≈≈≈≈≈≈≈≈≈≈....(.(...(.≈≈≈≈≈≈
≈≈≈≈≈≈≈≈≈≈....≈........≈≈≈≈≈≈
≈≈≈≈≈≈≈≈......(........≈≈≈≈≈≈
≈≈....≈.......(....)...≈≈≈≈≈≈
≈..............(...≈≈..≈≈≈≈≈≈
........(Hc........(≈≈≈≈≈≈≈≈≈
#.............(....≈≈≈≈≈≈≈≈≈


You could see a minotaur (wandering) and a satyr.

Vanquished Creatures
  A tengu reaver (D:15)
  A storm dragon (D:15)
  The ghost of EvilAshe the Spry, an adept TeFE of Hepliaklqana (Shoals:3)
  2 frost giants (D:15)
  5 ghost moths
  4 emperor scorpions
  A reaper (IceCv)
  2 entropy weavers
  A deep elf annihilator (D:15)
  A minotaur (Lab)
  2 spark wasps (Spider:4)
  2 ettins (D:15)
  A merfolk javelineer (Shoals:3)
  A merfolk impaler (Shoals:3)
  Josephine (Lair:6)
  Erolcha (D:10)
  The ghost of Ketzopolo the Severer, a journeyman HOFi of Beogh (D:12)
  4 vault guards
  4 hydras
  Harold (D:10)
  A naga warrior (D:15)
  A centaur warrior (D:15)
  20 two-headed ogres
  3 ogre magi (Orc:2)
  A queen ant (Spider:1)
  2 tengu warriors (D:12)
  Urug (Orc:1)
  3 death yaks (Lair:6)
  Nergalle (Lair:3)
  A sun demon (Lair:6)
  2 unseen horrors
  3 deep trolls
  2 sea snakes
  Pikel (D:8)
  2 harpies
  The ghost of Sergey the Martial Artist, a novice TeIE of Ru (D:9)
  3 wizards
  2 necromancers (D:13)
  6 orb spiders
  3 deep elf magi
  5 orc knights
  15 wolf spiders
  2 ugly things (D:14)
  4 cyclopes
  5 orc sorcerers
  3 fauns
  Maurice (Orc:1)
  3 manticores
  A moth of wrath (Spider:2)
  A guardian serpent (D:15)
  2 merfolk sirens (Shoals:1)
  18 elephants
  5 centaur zombies
  A naga mage (D:15)
  4 black mambas
  2 gargoyles
  2 orange demons (Lair:6)
  2 water nymphs (Shoals:3)
  10 spiny frogs
  2 ice statues (IceCv)
  A smoke demon (Lair:6)
  A torpor snail (Spider:4)
  8 rime drakes
  A yaktaur (D:15)
  A redback zombie (D:15)
  A rime drake (shapeshifter) (D:14)
  A kobold demonologist (D:11)
  A red devil (Lair:6)
  14 demonic crawlers
  11 ice devils
  9 komodo dragons
  A tengu conjurer (D:13)
  7 polar bears
  5 merfolk
  A meliai (shapeshifter) (D:13)
  12 trolls
  5 meliai
  16 jumping spiders
  6 hornets
  A wind drake (Shoals:1)
  A meliai zombie (D:15)
  10 blink frogs
  6 snapping turtles
  9 dream sheep
  15 hippogriffs
  33 redbacks
  25 tarantellas
  A centaur simulacrum (D:15)
  A wyvern (D:12)
  2 vampires
  49 yaks
  5 wraiths
  2 basilisks
  3 water elementals
  A hog (D:15)
  14 humans (D:13)
  2 hungry ghosts
  A steam dragon (D:14)
  A redback simulacrum (D:15)
  9 soldier ants
  4 wargs (Orc:2)
  A naga (D:15)
  11 water moccasins
  2 hell hounds (Lair:6)
  An acid dragon (D:12)
  2 floating eyes (D:15)
  9 porcupines
  12 orc warriors
  3 sky beasts
  A necrophage (D:13)
  3 ice beasts
  2 phantoms
  4 black bears
  24 ogres
  5 boggarts (D:15)
  An eye of draining (D:11)
  The ghost of mortelune the Grave Robber, an amateur DDNe (D:3)
  3 centaurs
  14 crocodiles
  18 bullfrogs
  5 big kobolds
  An earth elemental (Lab)
  5 scorpions
  21 killer bees
  An electric eel (Spider:1)
  3 wights (D:6)
  6 howler monkeys
  9 crimson imps
  10 jellies
  A quasit (D:10)
  A bullfrog zombie (D:11)
  7 hounds
  A bullfrog skeleton (D:7)
  12 orc priests
  6 centaur skeletons
  2 iguanas
  Jessica (D:2)
  12 orc wizards
  30 worker ants
  6 hell rats (Lair:4)
  4 gnolls (D:5)
  12 adders
  3 shadow imps
  6 white imps (IceCv)
  6 ufetubi (IceCv)
  10 oozes
  An adder skeleton (D:4)
  A worm (D:5)
  4 dart slugs
  8 leopard geckos
  56 orcs
  A ball python (D:5)
  8 goblins
  4 hobgoblins
  4 jackals (D:2)
  2 quokkas (D:6)
  9 bats
  5 frilled lizards
  A jackal skeleton (D:4)
  A jackal zombie (D:6)
  32 kobolds
  A leopard gecko skeleton (D:6)
  A leopard gecko zombie (D:5)
  A quokka zombie (D:9)
  8 rats
  2 fungi (Lair:6)
  6 plants
  A tentacle (Shoals:3)
936 creatures vanquished.

Vanquished Creatures (collateral kills)
  Arachne (Spider:2)
  Jorgrun (Spider:3)
  Agnes (D:14)
  Kirke (D:15)
  2 emperor scorpions
  3 entropy weavers
  A merfolk impaler (Shoals:1)
  An ogre mage (D:15)
  2 vault guards
  2 centaur warriors
  A merfolk avatar (Shoals:1)
  A two-headed ogre (D:15)
  A tengu warrior (D:13)
  9 orb spiders
  A necromancer (D:13)
  A wizard (D:13)
  An orc knight (Orc:2)
  2 cyclopes
  5 harpies
  4 oklob plants (Lair:1)
  3 ugly things (D:14)
  5 wolf spiders
  An orc sorcerer (Orc:2)
  4 fauns
  An elephant (Lair:5)
  6 manticores
  2 moths of wrath (Spider:4)
  A merfolk siren (Shoals:2)
  A black mamba (Lair:6)
  2 water nymphs (Shoals:3)
  A centaur skeleton (D:15)
  3 naga magi (D:15)
  A guardian serpent (D:15)
  2 spiny frogs
  An orange demon (Lair:6)
  A komodo dragon (D:14)
  A rime drake (Lair:6)
  A troll (D:15)
  3 jumping spiders
  3 hornets
  A meliai (Spider:2)
  A queen bee (Spider:2)
  A hippogriff (Lair:6)
  4 dream sheep
  2 blink frogs (Lair:5)
  11 redbacks
  4 yaks (Lair:6)
  8 tarantellas
  4 humans (D:13)
  A vampire mosquito (D:15)
  4 hogs (D:15)
  A hungry ghost (D:15)
  A hell hound (Lair:6)
  A soldier ant (shapeshifter) (D:13)
  2 soldier ants
  3 porcupines (Lair:5)
  A hornet zombie (D:15)
  3 orc warriors
  4 boggarts (D:15)
  3 ogres (Orc:2)
  7 centaurs
  2 crocodiles
  A wyvern skeleton (D:13)
  9 killer bees (Spider:2)
  A crimson imp (D:13)
  2 orc priests (Orc:2)
  An iguana (D:14)
  4 orc wizards (Orc:2)
  10 worker ants
  3 gnolls (Orc:2)
  3 shadow imps
  13 orcs
  A fungus (Lair:5)
  A plant (Lair:5)
202 creatures vanquished.

Vanquished Creatures (others)
  Aizul (Spider:4)
  A hydra (D:12)
  A two-headed ogre (Orc:2)
  A harpy (Shoals:3)
  A merfolk (Shoals:1)
  A yak (D:13)
  A soldier ant (Lair:3)
  2 slaves (D:8)
  An ogre (Orc:2)
  3 centaurs
  A killer bee zombie (D:10)
  3 white imps (IceCv)
  3 ufetubi (IceCv)
  A kobold (D:8)
  18 fungi
  10 plants
  8 tentacles (Shoals:3)
  7 toadstools (D:3)
64 creatures vanquished.

Grand Total: 1202 creatures vanquished

Notes
Turn   | Place    | Note
-------+----------+-------------------------------------------
     0 | D:1      | grindst0ne the Gnoll Transmuter began the quest for the Orb.
     0 | D:1      | Reached XP level 1. HP: 17/17 MP: 6/6
    95 | D:1      | Reached XP level 2. HP: 22/23 MP: 5/7
   120 | D:1      | Learned a level 2 spell: Sticks to Snakes
   556 | D:1      | Reached skill level 5 in Spellcasting
   556 | D:1      | Reached XP level 3. HP: 28/28 MP: 6/9
   860 | D:2      | Reached skill level 1 in Invocations
   891 | D:2      | Learned a level 3 spell: Spider Form
   933 | D:2      | Reached skill level 1 in Short Blades
   933 | D:2      | Reached skill level 1 in Long Blades
   933 | D:2      | Reached skill level 1 in Axes
   933 | D:2      | Reached skill level 1 in Maces & Flails
   933 | D:2      | Reached skill level 1 in Polearms
   933 | D:2      | Reached skill level 1 in Staves
   933 | D:2      | Reached skill level 1 in Slings
   933 | D:2      | Reached skill level 1 in Bows
   933 | D:2      | Reached skill level 1 in Crossbows
   933 | D:2      | Reached skill level 1 in Throwing
   933 | D:2      | Reached skill level 1 in Armour
   933 | D:2      | Reached skill level 1 in Stealth
   933 | D:2      | Reached skill level 1 in Shields
   933 | D:2      | Reached skill level 1 in Evocations
   933 | D:2      | Reached XP level 4. HP: 34/34 MP: 9/11
  1257 | D:2      | Noticed Jessica
  1263 | D:2      | Killed Jessica
  1263 | D:2      | Reached skill level 1 in Conjurations
  1263 | D:2      | Reached skill level 1 in Hexes
  1263 | D:2      | Reached skill level 1 in Charms
  1263 | D:2      | Reached skill level 1 in Summonings
  1263 | D:2      | Reached skill level 1 in Necromancy
  1263 | D:2      | Reached skill level 1 in Translocations
  1263 | D:2      | Reached skill level 1 in Fire Magic
  1263 | D:2      | Reached skill level 1 in Ice Magic
  1263 | D:2      | Reached skill level 1 in Air Magic
  1263 | D:2      | Reached skill level 1 in Earth Magic
  1263 | D:2      | Reached skill level 1 in Poison Magic
  1542 | D:3      | Found a shadowy altar of Dithmenos.
  1618 | D:3      | Reached XP level 5. HP: 40/40 MP: 8/12
  1671 | D:3      | Noticed mortelune's ghost (amateur DDNe)
  1683 | D:3      | Killed mortelune's ghost
  1957 | D:3      | Reached XP level 6. HP: 30/47 MP: 8/13
  2083 | D:3      | Reached skill level 5 in Dodging
  2733 | D:4      | Reached XP level 7. HP: 49/52 MP: 11/15
  3442 | D:5      | Entered Level 5 of the Dungeon
  3535 | D:5      | Reached XP level 8. HP: 60/60 MP: 10/16
  4360 | D:5      | Found Zerphaur's Jewellery Shoppe.
  4372 | D:5      | Bought a +3 amulet of reflection for 172 gold pieces
  4850 | D:6      | Reached XP level 9. HP: 65/66 MP: 15/18
  4873 | D:6      | Reached skill level 5 in Transmutations
  5006 | D:6      | Found a staircase to the Ecumenical Temple.
  5030 | Temple   | Entered the Ecumenical Temple
  5040 | Temple   | Became a worshipper of Ru the Awakened
  5759 | D:7      | Found Yfurydgh's Antique Armour Emporium.
  5892 | D:7      | Reached skill level 5 in Fighting
  6144 | D:8      | Noticed a two-headed ogre
  6147 | D:8      | Noticed Pikel
  6160 | D:8      | Killed a two-headed ogre
  6160 | D:8      | Reached skill level 5 in Invocations
  6169 | D:8      | Killed Pikel
  6169 | D:8      | Reached XP level 10. HP: 30/74 MP: 18/20
  6373 | D:7      | Learned a level 5 spell: Blade Hands
  6466 | D:8      | Noticed a two-headed ogre
  6494 | D:8      | Killed a two-headed ogre
  6494 | D:8      | Reached skill level 5 in Short Blades
  6494 | D:8      | Reached skill level 5 in Long Blades
  6494 | D:8      | Reached skill level 5 in Axes
  6494 | D:8      | Reached skill level 5 in Maces & Flails
  6494 | D:8      | Reached skill level 5 in Polearms
  6494 | D:8      | Reached skill level 5 in Staves
  6494 | D:8      | Reached skill level 5 in Slings
  6494 | D:8      | Reached skill level 5 in Bows
  6494 | D:8      | Reached skill level 5 in Crossbows
  6494 | D:8      | Reached skill level 5 in Throwing
  6494 | D:8      | Reached skill level 5 in Armour
  6494 | D:8      | Reached skill level 5 in Stealth
  6494 | D:8      | Reached skill level 5 in Shields
  6494 | D:8      | Reached skill level 5 in Evocations
  6878 | D:8      | Noticed an angel
  6879 | D:8      | Found a glowing silver altar of Zin.
  7073 | D:8      | Gained mutation: You cannot study or use magical devices. [Ru sacrifice]
  7073 | D:8      | Reached * piety under Ru
  7073 | D:8      | Reached ** piety under Ru
  7330 | D:9      | Noticed a two-headed ogre
  7339 | D:9      | Killed a two-headed ogre
  7341 | D:9      | Noticed a two-headed ogre
  7371 | D:9      | Killed a two-headed ogre
  7697 | D:9      | Reached XP level 11. HP: 72/82 MP: 18/22
  7971 | D:9      | Noticed a two-headed ogre
  7990 | D:9      | Killed a two-headed ogre
  8024 | D:9      | Found a burning altar of Makhleb.
  8032 | D:9      | Found a stormy altar of Qazlal.
  8048 | D:9      | Found an ancient bone altar of Kikubaaqudgha.
  8050 | D:9      | Found a sparkling altar of Nemelex Xobeh.
  8195 | D:9      | Reached skill level 5 in Conjurations
  8195 | D:9      | Reached skill level 5 in Hexes
  8195 | D:9      | Reached skill level 5 in Charms
  8195 | D:9      | Reached skill level 5 in Summonings
  8195 | D:9      | Reached skill level 5 in Necromancy
  8195 | D:9      | Reached skill level 5 in Translocations
  8195 | D:9      | Reached skill level 5 in Fire Magic
  8195 | D:9      | Reached skill level 5 in Ice Magic
  8195 | D:9      | Reached skill level 5 in Air Magic
  8195 | D:9      | Reached skill level 5 in Earth Magic
  8195 | D:9      | Reached skill level 5 in Poison Magic
  8391 | D:9      | Found a hide-covered altar of Uskayaw.
  8417 | D:9      | Found a staircase to the Orcish Mines.
  8418 | D:9      | Noticed Sergey's ghost (novice TeIE)
  8723 | D:9      | Killed Sergey's ghost
  9121 | D:10     | Entered Level 10 of the Dungeon
  9863 | D:10     | Noticed a two-headed ogre
  9874 | D:10     | Killed a two-headed ogre
  9892 | D:10     | Found a staircase to the Lair.
  9907 | D:10     | Noticed a two-headed ogre
  9925 | D:10     | Killed a two-headed ogre
  9959 | D:10     | Noticed a cyclops
  9973 | D:10     | Killed a cyclops
 10120 | D:10     | Killed an unseen horror
 10120 | D:10     | Reached XP level 12. HP: 62/91 MP: 20/24
 10220 | D:10     | Noticed Erolcha
 10225 | D:10     | Noticed a two-headed ogre
 10234 | D:10     | Killed Erolcha
 10251 | D:10     | Killed a two-headed ogre
 10592 | D:10     | Noticed a two-headed ogre
 10607 | D:10     | Killed a two-headed ogre
 10791 | D:10     | Noticed a two-headed ogre
 10801 | D:10     | Killed a two-headed ogre
 11086 | D:10     | Noticed Harold
 11211 | D:10     | Killed Harold
 11425 | D:11     | Gained mutation: You are somewhat unskilled. (-1 Apt) [Ru sacrifice]
 11425 | D:11     | Reached *** piety under Ru
 11425 | D:11     | Reached **** piety under Ru
 12629 | D:12     | Noticed a two-headed ogre
 12649 | D:12     | Killed a two-headed ogre
 12677 | D:12     | Found Matromp's Gadget Boutique.
 12866 | D:12     | Found Lienn's Gadget Boutique.
 12917 | D:12     | Noticed Ketzopolo's ghost (journeyman HOFi)
 13433 | D:12     | Killed Ketzopolo's ghost
 13686 | D:12     | Noticed a tengu warrior
 13695 | D:12     | Noticed a tengu warrior
 13717 | D:12     | Killed a tengu warrior
 13717 | D:12     | Reached XP level 13. HP: 49/96 MP: 25/25
 14374 | Lair:1   | Entered Level 1 of the Lair of Beasts
 14936 | Lair:1   | Learned a level 4 spell: Ice Form
 15447 | Lair:1   | Learned a level 3 spell: Ozocubu's Armour
 15452 | Lair:1   | Learned a level 4 spell: Summon Lightning Spire
 15943 | Lair:2   | Found a staircase to the Shoals.
 16081 | Lair:2   | Found a frozen archway.
 16105 | IceCv    | Entered an ice cave
 17283 | IceCv    | Noticed a reaper
 17308 | IceCv    | Killed a reaper
 17718 | IceCv    | Got a scorched whip
 17932 | Lair:2   | Identified the +5 whip of Zirao {venom, Int+7} (You found it in an ice cave)
 18132 | Lair:2   | Got a translucent bone ring
 18732 | Lair:3   | Noticed Nergalle
 18742 | Lair:3   | Killed Nergalle
 18776 | Lair:3   | Found a hole to the Spider Nest.
 19821 | Lair:4   | Reached XP level 14. HP: 105/105 MP: 21/27
 20015 | Lair:4   | Reached skill level 10 in Unarmed Combat
 20448 | D:7      | Bought a runed hat for 203 gold pieces
 20458 | D:7      | Bought a pair of gloves for 130 gold pieces
 20458 | D:7      | Bought a pair of boots for 130 gold pieces
 20470 | D:7      | Identified the ring of Naathrox {Wiz rPois Str-5 Int+6} (You found it on level 2 of the Lair of Beasts)
 20476 | D:7      | Learned a level 3 spell: Regeneration
 20482 | D:7      | Learned a level 5 spell: Yara's Violent Unravelling
 20754 | Lair:1   | Learned a level 4 spell: Iskenderun's Mystic Blast
 22523 | Lair:5   | Found a labyrinth entrance.
 22528 | Lab      | Entered a labyrinth
 25889 | Lab      | Gained mutation: You are frail. (-10% HP) [Ru sacrifice]
 25889 | Lab      | Reached ***** piety under Ru
 25889 | Lab      | Reached ****** piety under Ru
 25926 | Lab      | Got a pair of ancient gloves
 25926 | Lab      | Got a slimy leather armour
 25938 | Lab      | Identified the +0 leather armour "Xumnipuf" {*Corrode MR- Regen+ Dex+5} (You found it in a labyrinth)
 25958 | Lab      | Identified the cursed +0 pair of gloves of the Ant {rElec MR- Dex+4} (You found it in a labyrinth)
 26825 | Lair:5   | Got a scintillating bronze amulet
 26848 | Lair:5   | Got a dazzling leather armour
 26859 | Lair:5   | Identified the +1 leather armour "Sini" {rF+} (You found it on level 5 of the Lair of Beasts)
 26862 | Lair:5   | Identified the amulet of Fimpy {Inacc Int+4} (You found it on level 5 of the Lair of Beasts)
 26951 | Lair:6   | Entered Level 6 of the Lair of Beasts
 27725 | Lair:6   | Noticed Josephine
 27839 | Lair:6   | Killed Josephine
 28049 | Lair:6   | Found a viscous altar of Jiyva.
 28050 | Lair:6   | Found a staircase to the Slime Pits.
 29231 | Lair:6   | Got a sparkling glass ring
 29249 | Lair:6   | Identified the ring "Gokhid" {rElec rN+ Stlth-} (You found it on level 6 of the Lair of Beasts)
 29333 | Lair:6   | Reached XP level 15. HP: 101/101 MP: 28/28
 29364 | Lair:6   | Found a burning altar of Makhleb.
 29637 | Lair:6   | Got a clouded pewter ring
 29641 | Lair:6   | Identified the ring "Cyorae" {*Corrode rPois EV+2 Str+2 Dex+5} (You took it off a red devil on level 6 of the Lair of Beasts)
 29659 | Lair:6   | Found a gateway to Hell.
 29886 | Lair:6   | Reached skill level 10 in Spellcasting
 30267 | D:12     | Learned a level 5 spell: Summon Mana Viper
 31444 | D:13     | Found a gate to the Vaults.
 31450 | D:13     | Reached skill level 10 in Dodging
 32685 | D:14     | Reached skill level 10 in Invocations
 33283 | D:14     | Noticed Agnes
 33296 | D:14     | Killed Agnes
 33555 | D:15     | Entered Level 15 of the Dungeon
 33587 | D:15     | Paralysed by a floating eye for 4 turns
 33682 | D:15     | Got a crude glass ring
 34184 | D:15     | Got a heavily runed bronze ring
 34186 | D:15     | Identified the ring "Zupoh" {Fire rElec rPois rN+++ Int-4} (You found it on level 15 of the Dungeon)
 34198 | D:15     | Noticed a frost giant
 34207 | D:15     | Killed a frost giant
 34411 | D:15     | Noticed a tengu reaver
 34418 | D:15     | Killed a tengu reaver
 34429 | D:15     | Got a scorched cloak
 34723 | D:15     | Identified the +0 cloak of Ziwom {rElec rF- rC- MR+++} (You found it on level 15 of the Dungeon)
 34735 | D:15     | Identified the ring "Dupeusk" {+Fly rElec rF+ MR+ Slay-4} (You found it on level 15 of the Dungeon)
 35231 | D:15     | Reached XP level 16. HP: 93/109 MP: 11/30
 35236 | D:15     | Got an ancient lapis lazuli ring
 35342 | D:15     | Identified the ring "Uluem" {rCorr rF++} (You took it off a naga mage on level 15 of the Dungeon)
 35561 | D:15     | Noticed Kirke
 35582 | D:15     | Noticed a storm dragon
 35607 | D:15     | Killed a storm dragon
 35853 | D:15     | Found a snail-covered altar of Cheibriados.
 35914 | D:15     | Found a stormy altar of Qazlal.
 36101 | D:15     | Found a shattered altar of Ashenzari.
 36123 | D:15     | Got a glittering platinum ring
 36125 | D:15     | Identified the ring of the Will of the Gods {Wiz rF+ Str+4 Dex+6} (You found it on level 15 of the Dungeon)
 36163 | D:15     | Killed Kirke
 36163 | D:15     | Reached skill level 10 in Fighting
 36420 | D:15     | Found a staircase to the Depths.
 36585 | Orc:1    | Entered Level 1 of the Orcish Mines
 36585 | Orc:1    | Noticed Maurice
 36605 | Orc:1    | Killed Maurice
 36621 | Orc:1    | Noticed Urug
 36644 | Orc:1    | Killed Urug
 36871 | Orc:2    | Entered Level 2 of the Orcish Mines
 36871 | Orc:2    | Found a staircase to the Elven Halls.
 36871 | Orc:2    | Found Curunyt's Magic Scroll Shoppe.
 36896 | Orc:2    | Paralysed by an orc sorcerer for 5 turns
 37262 | Orc:2    | Bought a scroll of teleportation for 39 gold pieces
 37262 | Orc:2    | Bought a scroll of enchant armour for 97 gold pieces
 37525 | Orc:2    | Found Haugg's Magic Scroll Shoppe.
 37560 | Orc:2    | Found Puugge Xazi's Assorted Antiques.
 37674 | Orc:2    | Found Qoaceyluhe's Antique Weapon Shop.
 37678 | Orc:2    | Bought a scroll of blinking for 105 gold pieces
 37678 | Orc:2    | Bought a scroll of enchant armour for 105 gold pieces
 37702 | Orc:2    | Found Diefrewo's Magic Scroll Boutique.
 37723 | Orc:2    | Reached skill level 10 in Short Blades
 37723 | Orc:2    | Reached skill level 10 in Long Blades
 37723 | Orc:2    | Reached skill level 10 in Axes
 37723 | Orc:2    | Reached skill level 10 in Maces & Flails
 37723 | Orc:2    | Reached skill level 10 in Polearms
 37723 | Orc:2    | Reached skill level 10 in Staves
 37723 | Orc:2    | Reached skill level 10 in Slings
 37723 | Orc:2    | Reached skill level 10 in Bows
 37723 | Orc:2    | Reached skill level 10 in Crossbows
 37723 | Orc:2    | Reached skill level 10 in Throwing
 37723 | Orc:2    | Reached skill level 10 in Armour
 37723 | Orc:2    | Reached skill level 10 in Stealth
 37723 | Orc:2    | Reached skill level 10 in Shields
 37757 | Orc:2    | Found Lidin's Weapon Shop.
 37781 | Orc:2    | Found Vusm's Gadget Shop.
 37783 | Orc:2    | Found Plog's Food Shoppe.
 37784 | Orc:2    | Bought a scroll of teleportation for 48 gold pieces
 37797 | Orc:2    | Found Kuocwun's Armour Boutique.
 37817 | Orc:2    | Bought a scroll of fog for 32 gold pieces
 37817 | Orc:2    | Bought a scroll of blinking for 120 gold pieces
 37817 | Orc:2    | Bought a scroll of blinking for 120 gold pieces
 38313 | Orc:2    | Bought a potion of heal wounds for 195 gold pieces
 38313 | Orc:2    | Bought a scroll of teleportation for 117 gold pieces
 38478 | Spider:1 | Entered Level 1 of the Spider Nest
 40144 | Spider:2 | Reached XP level 17. HP: 92/116 MP: 16/32
 40538 | Spider:2 | Noticed Arachne
 40570 | Spider:2 | Killed Arachne
 42230 | Spider:3 | Noticed Jorgrun
 42246 | Spider:3 | Killed Jorgrun
 42888 | Spider:3 | Reached XP level 18. HP: 122/122 MP: 33/33
 42889 | Spider:3 | Reached XP level 19. HP: 128/128 MP: 34/34
 42911 | Spider:4 | Entered Level 4 of the Spider Nest
 44269 | Spider:4 | Reached skill level 10 in Transmutations
 44526 | Spider:4 | Noticed Aizul
 44544 | Spider:4 | Killed Aizul
 44842 | Spider:4 | Got a gossamer rune of Zot
 45021 | Shoals:1 | Entered Level 1 of the Shoals
 45052 | Shoals:1 | Found Vyobbevve's Food Emporium.
 45912 | Shoals:2 | Reached XP level 20. HP: 83/135 MP: 12/35
 47037 | Shoals:3 | Noticed EvilAshe's ghost (adept TeFE)
 47065 | Shoals:3 | Killed EvilAshe's ghost
 47198 | Shoals:3 | Found a hide-covered altar of Uskayaw.
 47225 | Shoals:3 | Shot with a sling bullet by a satyr

Vault maps used:
D:1:      grunt_arrival_lava_bath
D:2:      uniq_jessica
D:3:      cheibrodos_fertilizer, grunt_dithmenos_smoke, first_ration
D:5:      serial_shops, nicolae_shop_crystal
D:6:      minmay_temple_entry_statues_fountains, st_stairs_13
D:7:      serial_shops, shop
D:8:      zin_angel, corexii_hall_statues_i, blue_anna_alchemist, uniq_pikel
D:9:      grunt_temple_overflow_open, gammafunk_temple_overflow_statue,
          david_orc_2
D:10:     lair_entry_dummy, uniq_harold, uniq_erolcha
D:12:     serial_shops, nicolae_shop_statue_plus, shop_fountains
D:13:     grunt_vaults_entry_tiered
D:14:     serial_column_ruins, column_ruins_hut, column_ruins_corridor_corner,
          column_ruins_open_medium, column_ruins_grid_4,
          column_ruins_columns_straight, column_ruins_grid_1, roderic_lattice_a,
          minmay_misc_feat_more_columns, uniq_agnes
D:15:     hangedman_spin_cycle
Temple:   minmay_freezing_vapour_temple
Lair:1:   minivault_23, minmay_lair_oklob_chamber, grunt_megastairs_2
Lair:2:   minmay_shoals_entry_beasts, portal_ice_cave_rime, lemuel_fruit_tree
Lair:3:   spider_nest_entry_webs, grunt_megastairs_1, uniq_nergalle
Lair:4:   cheibrodos_lair_lostbears
Lair:5:   lab_entry_generic, st_stairs_12, grunt_megastairs_5,
          infiniplex_staircase_pool_2
Lair:6:   evil_forest, slime_altar_1, uniq_josephine
Shoals:1: serial_shops, shop
Shoals:2: centaur_isle
Shoals:3: regret_index_shoals_crete, uniq_polyphemus
Spider:1: minmay_another_anthill
Spider:2: cheibrodos_spider_silkery, special_room, nicolae_spider_cling_ruins,
          uniq_arachne
Spider:3: uniq_jorgrun
Spider:4: spider_rune_water, uniq_aizul
Orc:1:    uniq_urug, uniq_maurice
Orc:2:    st_orc_open, serial_shops, nicolae_shop_trees, shop, shop_scrolls,
          nicolae_shop_statue_plus, shop
Lab:      nicolae_lab_x
IceCv:    ice_cave_small_demon

Skill      XL: |  1  2  3  4  5  6  7  8  9 10 11 12 13 14 15 16 17 18 19 20 |
---------------+-------------------------------------------------------------+-----
Spellcasting   | 5 6 7 8 9 10 11 12 | 12.0
Invocations    | 1 2 3 4 5 6 7 8 9 10 11 12 | 12.1
Short Blades   | 1 2 3 4 5 6 7 8 9 10 11 | 11.2
Long Blades    | 1 2 3 4 5 6 7 8 9 10 11 | 11.2
Axes           | 1 2 3 4 5 6 7 8 9 10 11 | 11.2
Maces & Flails | 1 2 3 4 5 6 7 8 9 10 11 | 11.2
Polearms       | 1 2 3 4 5 6 7 8 9 10 11 | 11.2
Staves         | 1 2 3 4 5 6 7 8 9 10 11 | 11.2
Slings         | 1 2 3 4 5 6 7 8 9 10 11 | 11.2
Bows           | 1 2 3 4 5 6 7 8 9 10 11 | 11.2
Crossbows      | 1 2 3 4 5 6 7 8 9 10 11 | 11.2
Throwing       | 1 2 3 4 5 6 7 8 9 10 11 | 11.2
Armour         | 1 2 3 4 5 6 7 8 9 10 11 | 11.2
Stealth        | 1 2 3 4 5 6 7 8 9 10 11 | 11.2
Shields        | 1 2 3 4 5 6 7 8 9 10 11 | 11.2
Evocations     | 1 2 3 4 0 |  0.0
Conjurations   | 1 2 3 4 5 6 7 8 9 |  9.6
Hexes          | 1 2 3 4 5 6 7 8 9 |  9.6
Charms         | 1 2 3 4 5 6 7 8 9 |  9.6
Summonings     | 1 2 3 4 5 6 7 8 9 |  9.6
Necromancy     | 1 2 3 4 5 6 7 8 9 |  9.6
Translocations | 1 2 3 4 5 6 7 8 9 |  9.6
Fire Magic     | 1 2 3 4 5 6 7 8 9 |  9.6
Ice Magic      | 1 2 3 4 5 6 7 8 9 |  9.6
Air Magic      | 1 2 3 4 5 6 7 8 9 |  9.6
Earth Magic    | 1 2 3 4 5 6 7 8 9 |  9.6
Poison Magic   | 1 2 3 4 5 6 7 8 9 |  9.6
Fighting       | 3 4 5 6 7 8 9 10 11 | 11.4
Transmutations | 4 5 6 6 7 8 9 10 | 10.2
Dodging        | 5 6 7 8 8 9 10 11 | 11.9
Unarmed Combat | 7 8 9 9 10 11 12 | 12.5

Action                   |  1- 3 |  4- 6 |  7- 9 | 10-12 | 13-15 | 16-18 | 19-21 || total
-------------------------+-------+-------+-------+-------+-------+-------+-------++-------
Melee: Unarmed           |    64 |   106 |   262 |   758 |  1106 |   674 |   309 ||  3279
       Kick              |     6 |     1 |       |       |       |       |       ||     7
       Punch             |     3 |     2 |       |       |    10 |    34 |    19 ||    68
       Headbutt          |     2 |     2 |       |       |       |       |       ||     4
       Bite              |     1 |       |       |     2 |    25 |    65 |    36 ||   129
       Staff             |       |       |       |       |    10 |    36 |     4 ||    50
 Cast: Beastly Appendage |    22 |    10 |       |       |       |       |       ||    32
       Sticks to Snakes  |     2 |     2 |       |       |       |       |       ||     4
       Spider Form       |       |    16 |    42 |    78 |     7 |       |       ||   143
       Blade Hands       |       |       |       |     2 |    39 |    56 |    42 ||   139
       Ice Form          |       |       |       |       |    73 |    18 |       ||    91
       Ozocubu's Armour  |       |       |       |       |   125 |    96 |    57 ||   278
       Summon Lightning  |       |       |       |       |    68 |    76 |    50 ||   194
       Iskenderun's Myst |       |       |       |       |     5 |       |       ||     5
       Regeneration      |       |       |       |       |     7 |    16 |     4 ||    27
       Summon Mana Viper |       |       |       |       |    15 |    16 |    17 ||    48
Invok: Sacrifice Artific |       |       |       |     1 |       |       |       ||     1
       Draw Out Power    |       |       |       |     2 |    10 |     2 |     1 ||    15
       Sacrifice Skill   |       |       |       |     1 |       |       |       ||     1
       Reject Sacrifices |       |       |       |       |     1 |       |       ||     1
       Apocalypse        |       |       |       |       |     5 |     6 |     2 ||    13
       Sacrifice Health  |       |       |       |       |     1 |       |       ||     1
 Abil: End Transformatio |       |       |       |       |     1 |       |       ||     1
  Use: Scroll            |       |     2 |     1 |     3 |    25 |    12 |       ||    43
       Potion            |       |       |       |     6 |     7 |    10 |    10 ||    33
 Stab: Sleeping          |     1 |     7 |     6 |     4 |    12 |     1 |       ||    31
       Distracted        |       |     1 |       |     2 |    25 |    17 |    12 ||    57
       Invisible         |       |       |       |     3 |    20 |     4 |     1 ||    28
       Paralysed         |       |       |       |       |     9 |    17 |     7 ||    33
  Eat: Chunk             |       |     5 |    10 |    23 |    52 |    27 |    17 ||   134
       Ration            |       |       |     1 |     1 |     8 |     4 |     1 ||    15
Armor: Robe              |     9 |     7 |     1 |     1 |       |       |       ||    18
       Skin              |       |     5 |     7 |    10 |   155 |    44 |       ||   221
       Acid dragon scale |       |       |       |     2 |    10 |       |       ||    12
       Leather armour    |       |       |       |       |    46 |       |       ||    46
       Troll leather arm |       |       |       |       |       |   241 |   177 ||   418
Dodge: Dodged            |    47 |    96 |   213 |   691 |   807 |   769 |   376 ||  2999
Block: Other             |       |       |     9 |    70 |    95 |    81 |    45 ||   300
       Reflection        |       |       |     1 |     2 |     3 |     1 |     6 ||    13

Table legend:
 A = Spawn XP
 B = Non-spawn XP
 C = Spawn XP percentage of total XP
 D = Spawn monster count
 E = Non-spawn monster count
 F = Spawn count percentage of total count
 G = Total turns spent on level
                    A         B        C        D         E        F      G
               +---------+---------+-------+---------+---------+-------+---------
         Total |       0 |  266694 |   0.0 |       0 |    1139 |   0.0 | 47225
               +---------+---------+-------+---------+---------+-------+---------
           D:1 |       0 |      45 |   0.0 |       0 |      22 |   0.0 |   814
           D:2 |       0 |     117 |   0.0 |       0 |      24 |   0.0 |   636
           D:3 |       0 |     319 |   0.0 |       0 |      26 |   0.0 |  1041
           D:4 |       0 |     506 |   0.0 |       0 |      17 |   0.0 |   951
           D:5 |       0 |     923 |   0.0 |       0 |      32 |   0.0 |  1096
           D:6 |       0 |    1099 |   0.0 |       0 |      26 |   0.0 |  1136
           D:7 |       0 |     455 |   0.0 |       0 |       8 |   0.0 |   798
           D:8 |       0 |    4213 |   0.0 |       0 |      29 |   0.0 |  1458
           D:9 |       0 |    6051 |   0.0 |       0 |      44 |   0.0 |  1478
          D:10 |       0 |   10523 |   0.0 |       0 |      39 |   0.0 |  2665
          D:11 |       0 |    2080 |   0.0 |       0 |      26 |   0.0 |  1476
          D:12 |       0 |    8572 |   0.0 |       0 |      37 |   0.0 |  1776
          D:13 |       0 |   11823 |   0.0 |       0 |      53 |   0.0 |  1377
          D:14 |       0 |    8230 |   0.0 |       0 |      28 |   0.0 |  1876
          D:15 |       0 |   31650 |   0.0 |       0 |      77 |   0.0 |  2883
        Lair:1 |       0 |    6893 |   0.0 |       0 |      30 |   0.0 |  1849
        Lair:2 |       0 |    3819 |   0.0 |       0 |      15 |   0.0 |  1059
        Lair:3 |       0 |    6822 |   0.0 |       0 |      32 |   0.0 |  1652
        Lair:4 |       0 |    5605 |   0.0 |       0 |      27 |   0.0 |  1592
        Lair:5 |       0 |    5745 |   0.0 |       0 |      29 |   0.0 |  1278
        Lair:6 |       0 |   23741 |   0.0 |       0 |      81 |   0.0 |  3014
      Shoals:1 |       0 |    8529 |   0.0 |       0 |      23 |   0.0 |   896
      Shoals:2 |       0 |    3240 |   0.0 |       0 |      13 |   0.0 |   751
      Shoals:3 |       0 |   11801 |   0.0 |       0 |      29 |   0.0 |   557
      Spider:1 |       0 |   10242 |   0.0 |       0 |      59 |   0.0 |  1306
      Spider:2 |       0 |   18840 |   0.0 |       0 |      64 |   0.0 |  1786
      Spider:3 |       0 |   16182 |   0.0 |       0 |      39 |   0.0 |  1103
      Spider:4 |       0 |   26446 |   0.0 |       0 |      63 |   0.0 |  1862
         Orc:1 |       0 |    5173 |   0.0 |       0 |      25 |   0.0 |  1031
         Orc:2 |       0 |   20359 |   0.0 |       0 |      95 |   0.0 |   755
           Lab |       0 |    1445 |   0.0 |       0 |       3 |   0.0 |  3432
         IceCv |       0 |    5206 |   0.0 |       0 |      24 |   0.0 |  1824
               +---------+---------+-------+---------+---------+-------+---------
